 Dungeon Crawl Stone Soup version 0.22.1-2-g9c5b331383 (webtiles) character file.

78 Ihlosi the Ducker (level 4, -1/27 HPs)
             Began as a Kobold Gladiator on Dec 1, 2018.
             Slain by a worm (11 damage)
             ... on level 2 of the Dungeon.
             The game lasted 00:03:23 (1250 turns).

Ihlosi the Ducker (Kobold Gladiator)                Turns: 1250, Time: 00:03:23

Health: -1/27      AC:  5    Str: 17    XL:     4   Next: 61%
Magic:  4/4        EV: 17    Int:  9    God:
Gold:   73         SH:  0    Dex: 16    Spells: 3/3 levels left

rFire    . . .     SeeInvis .   a - +0 long sword
rCold    . . .     Gourm    .   (shield restricted)
rNeg     . . .     Faith    .   b - +0 leather armour
rPois    .         Spirit   .   c - +0 helmet
rElec    .         Reflect  .   e - +0 cloak
rCorr    .         Harm     .   (no gloves)
MR       .....                  (no boots)
Stlth    ++........             (no amulet)
HPRegen  0.09/turn              (no ring)
MPRegen  0.09/turn              (no ring)

@: mighty, flying
A: small, carnivore
a: no special abilities


You were on level 2 of the Dungeon.
You were very full.

You visited 1 branch of the dungeon, and saw 2 of its levels.

You collected 73 gold pieces.

Inventory:

Hand Weapons
 a - a +0 long sword (weapon)
Missiles
 d - 3 throwing nets (quivered)
 m - 23 bolts
 p - 12 poisoned needles
Armour
 b - a +0 leather armour (worn)
 c - a +0 helmet (worn)
 e - a +0 cloak (worn)
 h - a +1 robe of fire resistance
Scrolls
 g - a scroll of identify {unknown}
 i - 3 scrolls of magic mapping {unknown}
 j - a scroll of teleportation {unknown}
 k - a scroll of fog {unknown}
 q - a scroll of enchant armour {unknown}
Potions
 o - a potion of cancellation {unknown}
 s - a potion of agility {unknown}
Comestibles
 f - 3 rations
 r - a chunk of flesh


   Skills:
 * Level 2.6 Fighting
 + Level 3.1 Long Blades
 - Level 2.1 Throwing
 - Level 1.0 Armour
 * Level 4.4 Dodging
 * Level 1.5 Stealth


You had 3 spell levels left.
You didn't know any spells.
Your spell library was empty.

Dungeon Overview and Level Annotations

Branches:
Dungeon (2/15)

Altars:


Innate Abilities, Weirdness & Mutations

You are small and have problems with some larger weapons.
You are carnivorous and can eat meat at any time.


Message History

A worm comes into view.
You feel sick. The bat closely misses you.
You riposte.
You completely miss the bat. The bat hits you but does no damage.
You see here a scroll labeled WYIREO XUHE.
You slash the jackal!
You kill the jackal!
The bat hits you.
You barely miss the bat. The bat completely misses you.
You feel sick.
You are no longer poisoned.
The bat completely misses you.
You riposte.
You miss the bat. The bat closely misses you. The bat barely misses you.
You slash the bat!
You kill the bat!
You slash the worm!
The worm is heavily wounded.
The worm bites you!
You die...

## ## # ##.. .##.#
#.. #... ###.##..##
#...#....## #####
#..w.?.%..# ...#
#.@#.†$......
##.######..##w..%#...
#.......)...##..## #
#..##.#####....##
#..##.# ###...
#######..##.# ....
.........##.#####
#.##
########........<
##†.......


You could see a worm.

Vanquished Creatures
  A gnoll (D:2)
  2 adders (D:2)
  4 worms (D:2)
  A dart slug (D:2)
  2 leopard geckos
  4 bats
  A giant cockroach (D:1)
  A goblin (D:1)
  A hobgoblin (D:1)
  5 jackals (D:2)
  5 kobolds
  A quokka (D:2)
  5 frilled lizards
  4 rats
37 creatures vanquished.

Notes
Turn   | Place    | Note
-------+----------+-------------------------------------------
     0 | D:1      | Ihlosi the Kobold Gladiator began the quest for the Orb.
     0 | D:1      | Reached XP level 1. HP: 12/12 MP: 1/1
    55 | D:1      | Reached XP level 2. HP: 11/17 MP: 2/2
    81 | D:1      | Reached skill level 4 in Dodging
   698 | D:2      | Reached XP level 3. HP: 22/22 MP: 3/3
   772 | D:2      | Reached skill level 1 in Stealth
  1232 | D:2      | Reached XP level 4. HP: 23/27 MP: 4/4
  1235 | D:2      | Reached skill level 1 in Armour
  1250 | D:2      | Slain by a worm

Skill      XL: |  1  2  3  4 |
---------------+-------------+-----
Dodging        | 4 |  4.4
Stealth        | 1 |  1.5
Long Blades    | 3 |  3.1
Armour         | 1 |  1.0
Fighting       | |  2.6
Throwing       | |  2.1

Action                   |  1- 3 |  4- 6 || total
-------------------------+-------+-------++-------
Melee: Long sword        |    73 |     5 ||    78
  Use: Potion            |     1 |     2 ||     3
 Stab: Sleeping          |     1 |       ||     1
  Eat: Chunk             |     9 |       ||     9
Armor: Leather armour    |    14 |     2 ||    16
Dodge: Dodged            |    67 |    10 ||    77
       Rpst.: Long sword |    19 |     5 ||    24
